cohdb
Replays
Latest Replays
All Replays
Popular Replays
Top Player Replays
Match Explorer
How It Works
Community
CoH3 Stats
Reddit
Sign in to upload your games and track your stats! →
Sign in with Steam
Match 41122277
Unlisted
Match 41122277
Overview
Messages
Build Orders
End
Engineer Squad
Construct Barracks
Selects Heavy Weapons
1⁄4-ton 4x4 Truck
Riflemen Squad
Riflemen Squad
Mechanized Support Center
Selects M2HB .50cal Heavy Machine Gun
Mortar Pit
Construct Motor Pool
M8 Greyhound Armored Car
Construct Medical Station
M1918 Browning Automatic Rifles
Grenade Package
Riflemen Squad
Selects Assault Carriers
Selects Exchangeable Parts
M1 Anti-tank Gun Team
Construct Tank Depot
M4(105) Sherman Bulldozer
Mortar Pit
Improvised Armor
TantheMan415
Macho Man Randy Savage
Hank Grill
Nashorn101
0
0
Comments
sign in to comment!
No comments posted yet!